 Dungeon Crawl Stone Soup version 0.26-a0-812-g31a745ddcd (webtiles) character file.

Game seed: 10996406722157918039

38 vurker the Sneak (level 3, -1/25 HPs)
             Began as a Gnoll Enchanter on Dec 3, 2020.
             Slain by a gnoll
             ... wielding a +0 flail
              (7 damage)
             ... on level 2 of the Dungeon.
             The game lasted 00:01:58 (2030 turns).

vurker the Sneak (Gnoll Enchanter)                  Turns: 2030, Time: 00:01:58

Health: -1/25      AC:  2    Str:  8    XL:     3   Next: 43%
Magic:  9/9        EV: 15    Int: 18    God:
Gold:   72         SH:  0    Dex: 21    Spells: 11/12 levels left

rFire    . . .     SeeInvis .   a - +1 dagger
rCold    . . .     Faith    .   (no shield)
rNeg     . . .     Spirit   .   b - +0 robe
rPois    .         Reflect  .   (no helmet)
rElec    .         Harm     .   (no cloak)
rCorr    .         Rampage  .   (no gloves)
MR       .....                  (no boots)
Stlth    +++++.....             (no amulet)
HPRegen  0.08/turn              e - +6 ring of dexterity
MPRegen  0.11/turn              m - ring of flight

@: no status effects
A: distributed training, fangs 1, camouflage 1, weak 1, strong nose
a: Evoke Flight


You were on level 2 of the Dungeon.
You visited 1 branch of the dungeon, and saw 2 of its levels.

You collected 72 gold pieces.

Inventory:

Hand Weapons
 a - a +1 dagger (weapon)
Armour
 b - a +0 robe (worn)
Jewellery
 e - a +6 ring of dexterity (left hand)
   (You found it on level 1 of the Dungeon)
 m - a ring of flight (right hand)
   (You found it on level 2 of the Dungeon)
Scrolls
 c - 2 scrolls of teleportation {unknown}
 f - 2 scrolls of identify {unknown}
 i - a scroll of blinking {unknown}
 k - a scroll of amnesia {unknown}
 l - a scroll of noise {unknown}
Potions
 g - a potion of heal wounds {unknown}
 h - a potion of invisibility {unknown}
 j - a potion of ambrosia {unknown}


   Skills:
 + Level 0.8 Fighting
 + Level 2.6 Short Blades
 + Level 0.8 Long Blades
 + Level 0.8 Axes
 + Level 0.8 Maces & Flails
 + Level 0.8 Polearms
 + Level 0.8 Staves
 + Level 0.8 Slings
 + Level 0.8 Bows
 + Level 0.8 Crossbows
 + Level 0.8 Throwing
 + Level 0.8 Armour
 + Level 4.5 Dodging
 + Level 6.0 Stealth
 + Level 0.8 Shields
 + Level 0.8 Unarmed Combat
 + Level 5.0 Spellcasting
 + Level 0.5 Conjurations
 + Level 5.4 Hexes
 + Level 0.5 Summonings
 + Level 0.5 Necromancy
 + Level 0.5 Translocations
 + Level 0.5 Transmutations
 + Level 0.5 Fire Magic
 + Level 0.5 Ice Magic
 + Level 0.5 Air Magic
 + Level 0.5 Earth Magic
 + Level 0.5 Poison Magic
 + Level 1.0 Invocations
 + Level 0.8 Evocations


You had 11 spell levels left.
You knew the following spells:

 Your Spells              Type           Power        Failure   Level
a - Corona                Hex            ###....      1%          1

Your spell library contained the following spells:

 Spells                   Type           Power        Failure   Level
 Confusing Touch          Hex            ###.....     4%          3
 Tukima's Dance           Hex            ###.....     4%          3
 Ensorcelled Hibernation  Hex/Ice        ###...       6%          2
 Dazzling Flash           Conj/Hex       ###...       12%         3


Dungeon Overview and Level Annotations

Branches:
Dungeon (2/15)

Altars:


Innate Abilities, Weirdness & Mutations

Your experience applies equally to all skills.
You have very sharp teeth.
Your uncanny sense of smell can sniff out nearby items.
Your skin changes colour to match your surroundings (Stealth+).
You are weak. (Str -2)


Message History

No target in view!
No target in view!
No target in view!
No target in view!
No target in view!
No target in view! 3 gnolls come into view.
Found a leather armour.
The gnoll shouts!
The gnoll completely misses you. The gnoll hits you with a +0 spear.
You hit the gnoll. The gnoll barely misses you.
The gnoll hits you with a +0 spear.
You hit the gnoll but do no damage.
The gnoll hits you from afar with a +0 spear.
The gnoll closely misses you.
You hit the gnoll but do no damage. Your bite misses the gnoll.
The gnoll barely misses you. The gnoll hits you with a +0 spear.
* * * LOW HITPOINT WARNING * * *
The gnoll hits you from afar with a +0 spear.
* * * LOW HITPOINT WARNING * * *
A gnoll comes into view. It is wielding a +0 flail.
There is an open door here.
Really walk into that teleport trap?
You enter a teleport trap!
The teleport trap disappears.
Your surroundings suddenly seem different.
A gnoll is nearby!
It was a potion of mutation.
You feel extremely strange.
You feel weaker.
Your skin functions as natural camouflage.
The gnoll shouts!
The gnoll misses you.
You hit the gnoll but do no damage. The gnoll hits you but does no damage.
You closely miss the gnoll. You bite the gnoll, but do no damage.
You closely miss the gnoll. The gnoll closely misses you.
You barely miss the gnoll. The gnoll misses you.
You hit the gnoll. The gnoll completely misses you.
You closely miss the gnoll. You bite the gnoll, but do no damage.
You barely miss the gnoll. You bite the gnoll, but do no damage.
The gnoll misses you.
You hit the gnoll. The gnoll hits you but does no damage.
Unknown command.
You hit the gnoll but do no damage. The gnoll closely misses you.
You barely miss the gnoll. You bite the gnoll, but do no damage.
You hit the gnoll. You bite the gnoll, but do no damage.
The gnoll hits you with a +0 flail!
* * * LOW HITPOINT WARNING * * *
You barely miss the gnoll. You bite the gnoll, but do no damage.
The gnoll hits you with a +0 flail!
You die...

#.g.g.g..# #.# ##.##.
#########.# #.# #..#.
........#.# #.# ##.#.
############.#g# #.# #...
#............#g###.# ##.. #
#.#.....g..g.......# ###.. #.
#.#.##########.##########....
.###.#.# #..............'....
..#g#.# #..@...#########....
#.#.#.# #..g...# #....
###.#g#.# #......# #....
g[g...#.# #......# #####
.##.###.# #......# #.# #.#
#......# #.# #......# #.#
######## #.#


You could see a gnoll.

Vanquished Creatures
  An adder skeleton (D:2)
  A dart slug (D:2)
  A giant cockroach (D:2)
  3 goblins
  8 hobgoblins
  3 kobolds
  2 quokkas (D:2)
  3 bats
  3 frilled lizards
  6 rats
31 creatures vanquished.

Notes
Turn   | Place    | Note
-------+----------+-------------------------------------------
     0 | D:1      | vurker the Gnoll Enchanter began the quest for the Orb.
     0 | D:1      | Reached XP level 1. HP: 13/13 MP: 6/6
   274 | D:1      | Reached XP level 2. HP: 19/19 MP: 7/7
  1431 | D:2      | Reached XP level 3. HP: 25/25 MP: 9/9
  1553 | D:2      | Reached skill level 5 in Spellcasting
  1787 | D:2      | Reached skill level 6 in Stealth
  1842 | D:2      | Reached skill level 1 in Invocations
  2012 | D:2      | Gained mutation: You are weak. (Str -2) [potion of
                  | mutation]
  2012 | D:2      | Gained mutation: Your skin changes colour to match your
                  | surroundings (Stealth+). [potion of mutation]
  2030 | D:2      | Slain by a gnoll

Illustrated notes

Levels and vault maps discovered:
D:1:      minmay_arrival_loop, layout_basic
D:2:      layout_basic, kennysheep_generic_room_15

Skill      XL: |  1  2  3 |
---------------+----------+-----
Spellcasting   | 5 |  5.0
Stealth        | 6 |  6.0
Invocations    | 1 |  1.0
Fighting       | |  0.8
Short Blades   | |  2.6
Long Blades    | |  0.8
Axes           | |  0.8
Maces & Flails | |  0.8
Polearms       | |  0.8
Staves         | |  0.8
Slings         | |  0.8
Bows           | |  0.8
Crossbows      | |  0.8
Throwing       | |  0.8
Armour         | |  0.8
Dodging        | |  4.5
Shields        | |  0.8
Unarmed Combat | |  0.8
Conjurations   | |  0.5
Hexes          | |  5.4
Summonings     | |  0.5
Necromancy     | |  0.5
Translocations | |  0.5
Transmutations | |  0.5
Fire Magic     | |  0.5
Ice Magic      | |  0.5
Air Magic      | |  0.5
Earth Magic    | |  0.5
Poison Magic   | |  0.5
Evocations     | |  0.8

Action                   || total
-------------------------++-------
Melee: Dagger            ||   125
       Bite              ||    20
       Punch             ||     1
  Use: Potion            ||     1
 Stab: Sleeping          ||    10
Armor: Robe              ||     8
Dodge: Dodged            ||    67

Table legend: (Time is in decaauts)
 A = Elapsed time spent in this place.
 B = Non-inter-level travel time spent in this place.
 C = Inter-level travel time spent in this place.
 D = Time resting spent in this place.
 E = Time spent auto-exploring this place.
 F = Levels seen in this place.
 G = Mean time per level.
                   A        B        C        D        E       F      G
               +--------+--------+--------+--------+--------+-----+--------+
         Total |   2013 |   1900 |    113 |      0 |   1571 |   2 | 1006.5 |
       Dungeon |   2013 |   1900 |    113 |      0 |   1571 |   2 | 1006.5 |
               +--------+--------+--------+--------+--------+-----+--------+

Top non-repeatable levels by time:
     D:1: 1101 daAuts
     D:2: 911 daAuts
